 Dungeon Crawl Stone Soup version 0.28-a0-1387-g3a22ab9bdc (webtiles) character file.

Game seed: 17003406906281055998

21 KyoPewz the Vexing (level 2, -2/11 HPs)
             Began as a Felid Enchanter on Jan 2, 2022.
             Was a Follower of Sif Muna.
             Killed from afar by a dart slug (5 damage)
             ... with a slug dart
             ... on level 1 of the Dungeon.
             The game lasted 00:04:22 (1017 turns).

KyoPewz the Vexing (Felid Enchanter)                Turns: 1017, Time: 00:04:22

Health: -2/11      AC:  1    Str:  4    XL:     2   Next: 65%
Magic:  1/6        EV: 17    Int: 16    God:    Sif Muna [*.....]
Gold:   28         SH:  0    Dex: 16    Spells: 3/5 levels left
                                        Lives:  0   Deaths: 0

rFire   . . .      SeeInvis +     - Unarmed
rCold   . . .      Faith    .   (shield unavailable)
rNeg    . . .      Spirit   .   (armour unavailable)
rPois   .          Reflect  .   (helmet unavailable)
rElec   .          Harm     .   (cloak unavailable)
rCorr   .          Rampage  .   (gloves unavailable)
Will    .....                   (boots unavailable)
Stlth   +++.......              (no amulet)
HPRegen 0.03/turn               (no ring)
MPRegen 0.10/turn               (no ring)

@: quick
A: very small, claws 1, fangs 3, see invisible, speed 1, shaggy fur 1, stealthy
paws, no weapons or thrown items, no armour, multi-lived
a: Renounce Religion, Channel Magic


You were on level 1 of the Dungeon.
You worshipped Sif Muna.
Sif Muna was aware of your devotion.
You visited 1 branch of the dungeon, and saw 1 of its levels.

You collected 28 gold pieces.


Innate Abilities, Weirdness & Mutations

You have sharp claws.
You have razor-sharp teeth.
You have supernaturally acute eyesight. (SInv)
You cover ground quickly. (Speed+)
You are covered in fur. (AC +1)
Your paws help you pounce on unaware monsters.
You are incapable of wielding weapons or throwing items.
You cannot wear armour.
You gain extra lives every three experience levels.


   Skills:
 - Level 2.9 Dodging
 - Level 4.2 Stealth
 - Level 1.2 Unarmed Combat
 - Level 2.1 Spellcasting
 + Level 4.9 Hexes
 + Level 0.7 Ice Magic


You had 3 spell levels left.
You knew the following spells:

 Your Spells              Type           Power      Damage    Failure   Level
a - Ensorcelled Hibernat  Hex/Ice        20%        N/A       10%         2

Your spell library contained the following spells:

 Spells                   Type           Power      Damage    Failure   Level
 Confusing Touch          Hex            17%        N/A       8%          3
 Tukima's Dance           Hex            17%        N/A       8%          3
 Summon Small Mammal      Summ           4%         N/A       21%         1
 Dazzling Flash           Conj/Hex       18%        N/A       22%         3
 Summon Guardian Golem    Hex/Summ       9%         N/A       22%         3
 Call Canine Familiar     Summ           1%         N/A       52%         3
 Gell's Gravitas          Tloc           1%         N/A       52%         3
 Teleport Other           Tloc           1%         N/A       52%         3
 Dispersal                Tloc           0%         N/A       100%        6

Inventory:

Scrolls
 c - a scroll of enchant armour {unknown}
 d - a scroll of immolation {unknown}
 e - a scroll of fear {unknown}
Potions
 a - a potion of invisibility
 b - a potion of attraction {unknown}
 f - a potion of heal wounds {unknown}
 g - a potion of brilliance {unknown}

Dungeon Overview and Level Annotations

Branches:
Dungeon (1/15)

Altars:
Sif Muna

Shops:
D:1

? #.# #.#.###.# #..
##.##########.#.# #.#
#..
..............#.#####
#..
##.#######.........#
#..
#.................#
#..
#########.........#
#.. #.........# #..
#.........# ###
#.......@#####+#####
#..........w......K...
#.#........###........
#.#........# #.?......
# #........# ###.#####
#........# .#
#........# ..
.#.###### .# #. .[


You could see a dart slug.


Message History

You kill the quokka!
There is a faded altar of an unknown god here.
You cannot tell which god this altar belongs to.
Convert to them anyway?
Sif Muna accepts your prayer! Sif Muna welcomes you!
You can now call upon Sif Muna for magical energy.
A hobgoblin comes into view.
You pounce on the unaware helpless hobgoblin!
You claw the hobgoblin!
You kill the hobgoblin!
Sif Muna accepts your kill.
A ball python comes into view.
The ball python hisses angrily.
The ball python completely misses you. The ball python grabs you.
The ball python constricts you.
Casting: Ensorcelled Hibernation (safe; 11% risk of failure)
Confirm with . or Enter, or press ? or * to list all spells.
You don't know that spell.
Casting: Ensorcelled Hibernation (safe; 11% risk of failure)
Confirm with . or Enter, or press ? or * to list all spells.
Aiming: Ensorcelled Hibernation (safe; 11% risk of failure)
Press: ? - help, Shift-Dir - straight line, f - ball python
Aim: a ball python (constricting you, chance to affect: 62%)
The ball python looks drowsy...
The ball python loses its grip on you. 😎 MP[-2]
You lost 2 mp, and now have 4/6 mp.
The helpless ball python fails to defend itself.
You claw the ball python!
You kill the ball python!
Sif Muna accepts your kill.
You see here a ball python corpse.
g - an inky potion 😎 MP[+2]
Your mp is fully restored (6).
There is a stone staircase leading down here.
An endoplasm comes into view.
A bat comes into view.
You pounce on the unaware helpless endoplasm!
You claw the endoplasm!
You kill the endoplasm!
Sif Muna accepts your kill. The bat hits you but does no damage.
The bat misses you.
You barely miss the bat. The bat hits you but does no damage.
The bat closely misses you.
You closely miss the bat. You bite the bat. The bat closely misses you.
The bat barely misses you.
You scratch the bat.
You kill the bat!
Sif Muna accepts your kill.
A kobold comes into view. It is wielding a +0 short sword.
A kobold is nearby!
A dart slug comes into view.
The kobold shouts!
The kobold throws a stone.
The stone hits you. 😕 HP[-1]
You take 1 damage, and now have 10/11 hp.
The kobold throws a stone.
The stone barely misses you. The dart slug launches a dart at you.
The slug dart misses you.
The kobold throws a stone.
The stone misses you.
The kobold throws a stone.
The stone closely misses you.
The kobold resists with significant effort.
The kobold throws a stone.
The stone hits you. 😕 HP[-1] MP[-2]
You take 1 damage, and now have 9/11 hp.
You lost 2 mp, and now have 4/6 mp.
The kobold resists with significant effort.
The kobold throws a stone.
The stone hits you. 😮 HP[-1] MP[-2]
You take 1 damage, and now have 8/11 hp.
You lost 2 mp, and now have 2/6 mp.
You are too injured to fight recklessly!
Casting: Ensorcelled Hibernation (safe; 10% risk of failure)
Confirm with . or Enter, or press ? or * to list all spells.
Aiming: Ensorcelled Hibernation (safe; 10% risk of failure)
Press: ? - help, Shift-Dir - straight line, f/p - kobold
Aim: a kobold, wielding a +0 short sword and quivering stones (chance to affect: 62%)
The kobold resists with significant effort.
The kobold throws a stone.
The stone misses you. 😮 MP[-2]
You lost 2 mp, and now have 0/6 mp.
The kobold misses you.
You closely miss the kobold. The kobold barely misses you.
You scratch the kobold but do no damage.
You bite the kobold. The kobold misses you.
You closely miss the kobold. The kobold closely misses you.
You barely miss the kobold. You bite the kobold. The kobold misses you.
You scratch the kobold.
The kobold hits you with a +0 short sword.
* * * LOW HITPOINT WARNING * * *
😨 HP[-5]
You take 5 damage, and now have 3/11 hp.
MASSIVE DAMAGE!! (PAUSE)
You scratch the kobold.
You kill the kobold!
Sif Muna accepts your kill.
You scratch the dart slug. The dart slug launches a dart at you.
The slug dart hits you.
You die...

Action                   || total
-------------------------++-------
Melee: Unarmed           ||    49
       Bite              ||     3
 Cast: Ensorcelled Hiber ||     5
 Stab: Sleeping          ||     7
Armor: Skin              ||     3
Dodge: Dodged            ||    47

Levels and vault maps discovered:
D:1:      lightli_iron_boxes, layout_basic, serial_shops,
          nicolae_shop_behind_doors, nicolae_ecumenical_snake_handling,
          nrook_uturn

Notes
Turn   | Place    | Note
-------+----------+-------------------------------------------
     0 | D:1      | KyoPewz the Felid Enchanter began the quest for the Orb.
     0 | D:1      | Reached XP level 1. HP: 7/7 MP: 4/4
     0 | D:1      | magus.rc [v1.9.6]
   435 | D:1      | You add the spells Gell's Gravitas, Teleport Other and
                  | Dispersal to your library.
   520 | D:1      | You pick up a book of Callings and begin reading...
   520 | D:1      | You add the spells Summon Small Mammal, Call Canine
                  | Familiar and Summon Guardian Golem to your library.
   537 | D:1      | Reached XP level 2. HP: 11/11 MP: 6/6
   540 | D:1      | Learned a level 2 spell: Ensorcelled Hibernation
   601 | D:1      | Found Ymath's Magic Scroll Boutique.
   774 | D:1      | Found a faded altar of an unknown god.
   800 | D:1      | Prayed at the altar of an unknown god.
   800 | D:1      | Became a worshipper of Sif Muna the Loreminder
   800 | D:1      | Reached * piety under Sif Muna
  1017 | D:1      | Killed from afar by a dart slug

Vanquished Creatures
  5 ball pythons (D:1)
  2 bats (D:1)
  2 endoplasms (D:1)
  A goblin (D:1)
  3 hobgoblins (D:1)
  2 kobolds (D:1)
  2 quokkas (D:1)
17 creatures vanquished.

Table legend:
 A = Non-vault XP
 B = Vault XP
 C = Vault XP percentage of total XP
 D = Non-vault monster count
 E = Vault monster count
 F = Vault count percentage of total count
                 A         B        C        D         E       F
            +---------+---------+-------+---------+---------+-------
      Total |      28 |       3 |   9.7 |      15 |       2 |  11.8
            +---------+---------+-------+---------+---------+-------
        D:1 |      28 |       3 |   9.7 |      15 |       2 |  11.8
            +---------+---------+-------+---------+---------+-------

Illustrated notes

Table legend:
 A = Kills in this place as a percentage of kills in entire the game.
 B = Kills by you in this place as a percentage of kills by you in the entire game.
 C = Kills by friends in this place as a percentage of kills by friends in the entire game.
 D = Other kills in this place as a percentage of other kills in the entire game.
 E = Experience gained in this place as a percentage of experience gained in the entire game.
 F = Experience gained in this place divided by the number of levels of this place that you have seen.
                   A       B       C       D       E      F
               +-------+-------+-------+-------+-------+----------------------
         Total | 100.0 | 100.0 |   N/A |   N/A | 100.0 |  31.0
       Dungeon | 100.0 | 100.0 |   N/A |   N/A | 100.0 |  31.0
               +-------+-------+-------+-------+-------+----------------------

Table legend: (Time is in decaauts)
 A = Elapsed time spent in this place.
 B = Non-inter-level travel time spent in this place.
 C = Inter-level travel time spent in this place.
 D = Time resting spent in this place.
 E = Time spent auto-exploring this place.
 F = Levels seen in this place.
 G = Mean time per level.
                   A        B        C        D        E       F      G
               +--------+--------+--------+--------+--------+-----+--------+
         Total |    928 |    928 |      0 |    428 |    318 |   1 |  928.0 |
       Dungeon |    928 |    928 |      0 |    428 |    318 |   1 |  928.0 |
               +--------+--------+--------+--------+--------+-----+--------+

Top non-repeatable levels by time:
     D:1: 928 daAuts
